 Dungeon Crawl Stone Soup version 0.20.1-1-g8b1a95d (webtiles) character file.

135 MovingMist the Distorting Demonspawn (level 4, -2/37 HPs)
             Began as a Demonspawn Abyssal Knight on Nov 18, 2017.
             Was a Believer of Lugonu.
             Slain by an iguana (5 damage)
             ... on level 4 of the Dungeon.
             The game lasted 00:09:38 (2712 turns).

MovingMist the Distorting Demonspawn (DsAK)         Turns: 2712, Time: 00:09:39

Health: -2/37      AC: 19    Str: 12    XL:     4   Next: 96%
Magic:  7/7        EV: 10    Int: 14    God:    Lugonu [**....]
Gold:   138        SH:  0    Dex: 13    Spells: 3/3 levels left

rFire    . . .     SeeInvis .   q - +1 mace (protect)
rCold    . . .     Gourm    .   (no shield)
rNeg     . . .     Faith    .   g - quicksilver dragon scales
rPois    .         Spirit   .   (no helmet)
rElec    .         Reflect  .   (no cloak)
rCorr    .         Harm     .   (no gloves)
MR       ++...                  (no boots)
Stlth    +.........             (no amulet)
Regen    0.2/turn               (no ring)
MPRegen  0.1/turn               o - ring of protection from magic

@: protection aura, drained
A: molten scales 2, powered by pain 1
a: Depart the Abyss, Bend Space, Renounce Religion


You were on level 4 of the Dungeon.
You worshipped Lugonu.
Lugonu was pleased with you.
You were very hungry.

You visited 1 branch of the dungeon, and saw 4 of its levels.
You visited the Abyss 1 time.

You collected 138 gold pieces.

Inventory:

Hand Weapons
 q - a +1 mace of protection (weapon)
Armour
 g - quicksilver dragon scales (worn)
 n - a +0 plate armour
Jewellery
 o - a ring of protection from magic (right hand)
Scrolls
 a - a scroll of fog
 p - a scroll of teleportation
 r - a scroll of blinking
Potions
 f - a potion of might {unknown}
 h - a potion of cancellation {unknown}
 j - a potion of flight {unknown}
 k - a potion of berserk rage {unknown}
 m - a potion of curing {unknown}
 s - a potion of resistance {unknown}
Comestibles
 c - a bread ration
 d - 4 fruits
 l - 2 meat rations


   Skills:
 + Level 3.7(2.9) Fighting
 + Level 2.6(1.8) Maces & Flails
 - Level 1.7(1.0) Armour
 + Level 2.0(1.3) Dodging
 * Level 4.4(3.6) Invocations


You had 3 spell levels left.
You didn't know any spells.

Dungeon Overview and Level Annotations

Branches:
Dungeon (4/15)
 Temple: D:4-7

Altars:
Okawaru
Sif Muna

Annotations:
D:4 Sigmund


Innate Abilities, Weirdness & Mutations

You are mostly covered in molten scales. (AC +3)
You sometimes gain a little power by taking damage.


Message History

* * * LOW HITPOINT WARNING * * *
The jackal skeleton barely misses you.
The iguana bites you but does no damage.
You hit the iguana.
The iguana is lightly wounded.
The jackal skeleton bites you but does no damage.
Sigmund barely misses you. The iguana bites you!
* * * LOW HITPOINT WARNING * * *
The jackal skeleton barely misses you.
You hit the iguana.
The iguana is heavily wounded.
The iguana closely misses you.
The jackal skeleton bites you but does no damage.
Sigmund hits you but does no damage.
You barely miss the iguana.
The iguana is heavily wounded.
The jackal skeleton barely misses you. The iguana barely misses you.
The jackal skeleton barely misses you. Sigmund closely misses you.
The iguana bites you.
You die...

## # .#.+
##.#.+ ##....#
##.....#
#......#
#lZ....####++#
#@............
#.............
#@............
##............
##.....#.....
#......?)##.
#...........
#...........
#...........


You could see Sigmund, an iguana and a jackal skeleton.

Vanquished Creatures
  Terence (D:3)
  5 adders
  An ooze (D:1)
  2 worms
  4 leopard geckos
  A ball python (D:1)
  A giant cockroach (D:3)
  5 goblins
  9 hobgoblins
  7 bats
  8 frilled lizards
  6 kobolds
  6 rats
56 creatures vanquished.

Notes
Turn   | Place    | Note
-------+----------+-------------------------------------------
     0 | Abyss:1  | MovingMist the Demonspawn Abyssal Knight began the quest for the Orb.
     0 | Abyss:1  | Reached XP level 1. HP: 18/18 MP: 2/2
     8 | Abyss:1  | Found a corrupted altar of Lugonu.
    53 | Abyss:1  | Noticed a tentacled starspawn
    54 | D:1      | Escaped the Abyss
    81 | D:1      | Reached skill level 1 in Dodging
   111 | D:1      | Gained mutation: You are partially covered in molten scales. (AC +2) [demonic ancestry]
   111 | D:1      | Reached XP level 2. HP: 24/24 MP: 4/4
   273 | D:1      | Reached skill level 3 in Invocations
   317 | D:1      | Reached * piety under Lugonu
  1054 | D:1      | Gained mutation: You sometimes gain a little power by taking damage. [demonic ancestry]
  1054 | D:1      | Reached XP level 3. HP: 29/29 MP: 5/5
  1461 | D:2      | Noticed Sigmund
  1868 | D:3      | Gained mutation: You are mostly covered in molten scales. (AC +3) [demonic ancestry]
  1868 | D:3      | Reached XP level 4. HP: 33/35 MP: 6/6
  1887 | D:3      | Noticed Terence
  1909 | D:3      | Killed Terence
  1909 | D:3      | Reached skill level 4 in Invocations
  1963 | D:3      | Found a deep blue altar of Sif Muna.
  2182 | D:3      | Reached ** piety under Lugonu
  2301 | D:3      | Found an iron altar of Okawaru.
  2712 | D:4      | Slain by an iguana

Skill      XL: |  1  2  3  4 |
---------------+-------------+-----
Dodging        | 1 2 |  2.0
Maces & Flails | 2 |  2.6
Invocations    | 3 4 |  4.4
Fighting       | |  3.7
Armour         | |  1.7

Action                   |  1- 3 |  4- 6 || total
-------------------------+-------+-------++-------
Melee: Mace              |   118 |    97 ||   215
Invok: Depart the Abyss  |     1 |       ||     1
  Use: Scroll            |     6 |     1 ||     7
  Eat: Chunk             |     3 |     2 ||     5
Armor: Leather armour    |     3 |       ||     3
       Ring mail         |    15 |       ||    15
       Quicksilver drago |    57 |    77 ||   134
Dodge: Dodged            |    81 |    91 ||   172
